 Dungeon Crawl Stone Soup version 0.29-a0-822-ga620ab95ad (webtiles) character file.

Game seed: 419716563274705916

280854 Ge0ff the Stormcaller (level 19, -45/89 HPs)
             Began as a Felid Air Elementalist on July 8, 2022.
             Was the Champion of Vehumet.
             Blown up by Boris (108 damage)
             ... with an orb of destruction
             ... on level 3 of the Vaults on July 9, 2022.
             The game lasted 03:17:26 (59916 turns).

Ge0ff the Stormcaller (Felid Air Elementalist)     Turns: 59916, Time: 03:17:28

Health: -45/89     AC:  3    Str: 10    XL:     19   Next: 69%
Magic:  22/39      EV: 28    Int: 33    God:    Vehumet [******]
Gold:   3709       SH:  0    Dex: 18    Spells: 5/48 levels left
                                        Lives:  0   Deaths: 5

rFire   + . .      SeeInvis +     - Unarmed
rCold   + . .      Faith    .   (shield unavailable)
rNeg    + + .      Spirit   .   (body armour unavailable)
rPois   .          Reflect  .   (helmet unavailable)
rElec   .          Harm     .   (cloak unavailable)
rCorr   .          Rampage  .   (gloves unavailable)
Will    ++...                   (boots unavailable)
Stlth   +++.......              Q - amulet of Vitality {RegenMP++ Regen++}
HPRegen 1.84/turn               g - ring of Jahuso Enway {rF+ rN++ Will- Str+6 Int+10, =R}
MPRegen 1.06/turn               G - ring of willpower

@: frozen, studying Fighting, slow
A: very small, claws 1, fangs 3, see invisible, speed 1, shaggy fur 3, stealthy
paws, no weapons or thrown items, no armour, multi-lived
}: 2/15 runes: barnacled, gossamer
a: Renounce Religion


You were on level 3 of the Vaults.
You worshipped Vehumet.
Vehumet was exalted by your worship.
You visited 7 branches of the dungeon, and saw 37 of its levels.
You also visited: Sewer, Gauntlet and Ice Cave.

You collected 6854 gold pieces.
You spent 3145 gold pieces at shops.

Inventory:

Jewellery
 e - the ring "Mecausk" {rN+ Dex+6 Slay+2}
   (You found it on level 1 of the Elven Halls)

   [ring of dexterity]

   Dex:       It affects your dexterity (+6).
   Slay:      It affects your accuracy & damage with ranged weapons and melee
   (+2).
   rN:        It protects you from negative energy.
 g - the ring of Jahuso Enway (left paw) {rF+ rN++ Will- Str+6 Int+10, =R}
   (You took it off a deep elf sorcerer on level 3 of the Elven Halls)

   [ring of strength]

   Str:       It affects your strength (+6).
   Int:       It affects your intelligence (+10).
   rF:        It protects you from fire.
   rN:        It greatly protects you from negative energy.
   Will:      It decreases your willpower.
 h - a +4 ring of protection
 k - the ring "Zahyp" {rPois rF+ rCorr Dex-3 SInv}
   (You took it off a deep elf sorcerer on level 3 of the Elven Halls)

   [ring of protection from fire]

   Dex:       It affects your dexterity (-3).
   rF:        It protects you from fire.
   rPois:     It protects you from poison.
   SInv:      It lets you see invisible.
   rCorr:     It protects you from acid and corrosion.
 n - an amulet of guardian spirit
 t - the ring "Hacuse" {Fire *Corrode Int+2 Stlth+}
   (You found it on level 14 of the Dungeon)

   [ring of fire]

   It enhances your fire magic.
   Int:       It affects your intelligence (+2).
   rF:        It protects you from fire.
   rC:        It makes you vulnerable to cold.
   *Corrode:  It may corrode you when you take damage.
   Stlth:     It makes you more stealthy.
 v - the ring of Zaej {*Corrode rF+++ Will- MP+9 Int+5}
   (You found it in an ice cave)

   [ring of magical power]

   Int:       It affects your intelligence (+5).
   rF:        It renders you almost immune to fire.
   MP:        It affects your magic capacity (+9).
   *Corrode:  It may corrode you when you take damage.
   Will:      It decreases your willpower.
 w - a ring of wizardry
 x - a +4 ring of evasion
 G - a ring of willpower (right paw)
 Q - the amulet of Vitality (around neck) {RegenMP++ Regen++}
   (You found it in an ice cave)

   [amulet of magic regeneration]

   It increases your rate of magic regeneration.
   Regen:     It increases your rate of health regeneration.
 Y - the ring of the Ladybird {rC+ rCorr Stlth+}
   (You found it on level 15 of the Dungeon)

   [ring of resist corrosion]

   rC:        It protects you from cold.
   rCorr:     It protects you from acid and corrosion.
   Stlth:     It makes you more stealthy.
Wands
 f - a wand of flame (30)
 j - a wand of quicksilver (7)
 p - a wand of paralysis (21)
 r - a wand of roots (19)
 s - a wand of mindburst (13)
 P - a wand of polymorph (6)
Scrolls
 i - 4 scrolls of torment
 m - 11 scrolls of magic mapping
 y - 3 scrolls of immolation
 B - 2 scrolls of blinking
 C - 7 scrolls of poison
 E - 3 scrolls of fear
 F - a scroll of fog
 J - a scroll of silence {!r}
 S - 2 scrolls of summoning
 T - 18 scrolls of teleportation
 V - 4 scrolls of vulnerability
Potions
 o - 7 potions of ambrosia
 q - 15 potions of curing
 u - 11 potions of mutation {!q}
 z - 8 potions of brilliance
 A - 7 potions of attraction
 H - 7 potions of haste {!q}
 I - a potion of invisibility
 K - 3 potions of magic {!q}
 L - 10 potions of lignification
 M - 7 potions of might
 N - 2 potions of cancellation {!q}
 R - 5 potions of resistance
 W - 6 potions of heal wounds {!q}
 X - 5 potions of flight
 Z - 6 potions of berserk rage {!q}
Miscellaneous
 c - a condenser vane
 l - a lightning rod (4/4)
 O - a box of beasts
 U - a phantom mirror


   Skills:
 + Level 13.2 Fighting
 - Level 15.0 Dodging
 - Level 5.0 Stealth
 - Level 4.0 Unarmed Combat
 - Level 15.0 Spellcasting
 + Level 14.7 Conjurations
 - Level 10.0 Summonings
 - Level 12.0 Translocations
 - Level 15.0 Transmutations
 - Level 5.0 Ice Magic
 - Level 16.0 Air Magic
 + Level 7.8 Earth Magic
 - Level 5.0 Poison Magic
 - Level 8.6 Evocations


You had 5 spell levels left.
You knew the following spells:

 Your Spells              Type           Power      Damage    Failure   Level
c - Blink                 Tloc           100%       N/A       1%          2
f - Mephitic Cloud        Conj/Pois/Air  80%        N/A       1%          3
g - Apportation           Tloc           100%       N/A       0%          1
m - Iskenderun's Mystic   Conj/Tloc      85%        2d17      1%          4
n - Iron Shot             Conj/Erth      39%        9d8       1%          6
o - Freezing Cloud        Conj/Ice/Air   40%        6-21      1%          5
r - Olgreb's Toxic Radia  Pois           55%        N/A       1%          4
s - Spellforged Servitor  Conj/Summ      41%        N/A       2%          7
w - Passwall              Tmut/Erth      65%        N/A       1%          2
C - Airstrike             Air            46%        0-15+     0%          4
E - Irradiate             Conj/Tmut      44%        3d28      1%          5

Your spell library contained the following spells:

 Spells                   Type           Power      Damage    Failure   Level
 Ignition                 Fire           12%        3d6       100%        8
 Polar Vortex             Ice            27%        N/A       100%        9
 Magic Dart               Conj           100%       1d8       0%          1
 Shock                    Conj/Air       100%       1d9       0%          1
 Static Discharge         Conj/Air       90%        3-15/arc  0%          2
 Wereblood                Tmut           89%        N/A       0%          2
 Swiftness                Air            92%        N/A       0%          3
 Necrotise                Necr           96%        1d8       1%          1
 Sandblast                Erth           100%       2d20      1%          1
 Slow                     Hex            96%        N/A       1%          1
 Sting                    Tmut/Pois      100%       1d8       1%          1
 Summon Small Mammal      Summ           100%       N/A       1%          1
 Call Imp                 Summ           74%        N/A       1%          2
 Ensorcelled Hibernation  Hex/Ice        82%        N/A       1%          2
 Poisonous Vapours        Pois/Air       100%       N/A       1%          2
 Dazzling Flash           Conj/Hex       100%       N/A       1%          3
 Frozen Ramparts          Ice            100%       1d12      1%          3
 Lesser Beckoning         Tloc           81%        N/A       1%          3
 Stone Arrow              Conj/Erth      100%       3d13      1%          3
 Summon Guardian Golem    Hex/Summ       55%        N/A       1%          3
 Corpse Rot               Necr/Pois/Air  63%        N/A       1%          4
 Fulminant Prism          Conj/Hex       32%        3d16      1%          4
 Hailstorm                Conj/Ice       74%        3d15      1%          4
 Passage of Golubria      Tloc           81%        N/A       1%          4
 Petrify                  Tmut/Erth      79%        N/A       1%          4
 Sticky Flame             Conj/Fire      65%        2d8       1%          4
 Summon Lightning Spire   Summ/Air       84%        N/A       1%          4
 Lee's Rapid Deconstruct  Erth           33%        3d18*     1%          5
 Manifold Assault         Tloc           81%        N/A       1%          5
 Silence                  Hex/Air        33%        N/A       1%          5
 Yara's Violent Unravell  Hex/Tmut       32%        3d13      1%          5
 Sublimation of Blood     Necr           24%        N/A       2%          2
 Confusing Touch          Hex            24%        N/A       4%          3
 Vampiric Draining        Necr           24%        2d7       4%          3
 Anguish                  Hex/Necr       12%        N/A       17%         4
 Dispel Undead            Necr           24%        3d12      17%         4
 Metabolic Englaciation   Hex/Ice        20%        N/A       17%         5
 Agony                    Necr           24%        N/A       43%         5
 Conjure Ball Lightning   Conj/Air       45%        3x3d16    1%          6
 Eringya's Noxious Bog    Tmut/Pois      37%        N/A       1%          6
 Orb of Destruction       Conj           44%        9d12      1%          7
 Statue Form              Tmut/Erth      52%        N/A       2%          6
 Storm Form               Tmut/Air       45%        N/A       2%          7
 Starburst                Conj/Fire      32%        6d10      3%          6
 Maxwell's Capacitive Co  Air            46%        ∞         4%          8
 Summon Hydra             Summ           37%        N/A       24%         7
 Lehudib's Crystal Spear  Conj/Erth      39%        10d10     28%         8
 Disjunction              Tloc           40%        N/A       63%         8
 Enfeeble                 Hex            12%        N/A       100%        7
 Discord                  Hex            12%        N/A       100%        8
 Death's Door             Necr           12%        N/A       100%        9
 Portal Projectile        Hex/Tloc       Unusable   N/A       N/A         3

Dungeon Overview and Level Annotations

Branches:
Dungeon (15/15) Zot: 24407  Temple (0/1) D:6            Lair (6/6) D:10 Zot: 24692
 Shoals (4/4) Lair:3 Zot: 25764  Spider (4/4) Lair:3 Zot: 19310   Slime (0/5) Lair:5
    Orc (2/2) D:10 Zot: 10617     Elf (3/3) Orc:2 Zot: 13121  Vaults (3/5) D:14 Zot: 20819
  Crypt (0/3) Vaults:2     Depths (0/4) D:15          Sewer (visited)
  IceCv (visited)         Gauntlet (visited)

Altars:
Dithmenos
Gozag
Hepliaklqana
Kikubaaqudgha
Okawaru
Qazlal
Ru
Sif Muna
Trog
Vehumet
The Shining One

Shops:
D:4 !(**   D:8 (   D:10 =   Orc:2 [:(   Shoals:1 *   Vaults:1 ![

Portals:
Trove: D:13 (give 5 scrolls of fog)

Annotations:
Elf:3 Nikola
Vaults:3 1 transporter, Boris; Dasi's ghost, adept SpEn


Innate Abilities, Weirdness & Mutations

You have sharp claws.
You have razor-sharp teeth.
You have supernaturally acute eyesight. (SInv)
You cover ground quickly. (Speed+)
Your thick and shaggy fur keeps you warm. (AC +3, rC+)
Your paws help you pounce on unaware monsters.
You are incapable of wielding weapons or throwing items.
You cannot wear armour.
You gain extra lives every three experience levels.


Message History

The fire giant gestures at you while chanting.
The bolt of fire misses you.
Your spellforged servitor points at the fire giant and mumbles some strange words.
The iron shot hits the fire giant!!!
The fire giant dies!
Vehumet accepts your kill.
You can't see any susceptible monsters within range! (Use Z to cast anyway.)
You start resting.
Magic restored.
You swap places.
Things that are here:
a +1 great mace of flaming; a fire giant corpse
Things that are here:
a +0 great mace; a +0 animal skin; an ogre corpse
Items here: )) [ †.
Things that are here:
a +1 dire flail of protection; a +0 chain mail An ettin is nearby!
The iron shot hits the ettin!!!
The ettin is severely wounded.
The ettin shouts in stereo!
The iron shot hits the ettin!!!
You kill the ettin!
Vehumet accepts your kill.
You feel your power returning.
Your spellforged servitor disappears in a puff of smoke!
Boris, Master of Life and Death comes into view.
He is wearing a +2 robe of the Archmagi.
Casting: Iron Shot (dangerous; 1% risk of failure)
Confirm with . or Enter, or press ? or * to list all spells.
You summon a servant imbued with your destructive magic!
Boris shouts!
You hear a shout!
The iron shot hits Boris!!
Boris is lightly damaged.
Boris mumbles some strange words.
Boris flickers and vanishes for a moment.
The iron shot hits Boris!!!
Boris is heavily damaged.
The iron shot hits Boris!!
Boris is severely damaged.
An ironbound frostheart comes into view.
Boris launches a ball of destructive magic.
An orb of destruction comes into view.
The ironbound frostheart calls freezing cold from the walls.
The frost grips you!! You partially resist.
You are encased in ice.
The frost grips your spellforged servitor!
Your spellforged servitor partially resists.
The orb of destruction hits you!!!!
Ouch! That really hurt!
You die...

#...#......#......#
#...#......#......#
#...#......#.......
#...#......#.......
#...#......#.......
#'########...#......#.......
...p..○○○☼...########.......
.......L.9○☼....)...........
###+######.@....)))...).....
#..)..........†....
#..################ #..#
#..# #..# ####### #..#
....... #####..# ...[... ..
...#......# .=.....


You could see Boris (invisible) and a friendly spellforged servitor (summoned).

Vanquished Creatures
  Arachne (Spider:3)
  Mlioglotl (Spider:4)
  A deep elf blademaster (Elf:3)
  A kraken (Shoals:3)
  A sphinx (Vaults:3)
  Polyphemus (Shoals:2)
  Kirke (D:15)
  A tengu reaver (Vaults:3)
  Roxanne (Elf:1)
  A fire giant (Vaults:1)
  The ghost of LetschGu the Fetichist, an adept SpMo of Trog (Elf:1)
  2 emperor scorpions
  Ilsuiw (Shoals:2)
  8 deep elf sorcerers (Elf:3)
  Aizul (Elf:2)
  A vault warden (Vaults:2)
  3 deep elf elementalists
  A frost giant (Shoals:4)
  6 ghost moths
  A juggernaut zombie (D:15)
  2 broodmothers (Spider:1)
  3 ironbound preservers
  A juggernaut skeleton (D:15)
  A very ugly thing (Vaults:1)
  The ghost of Ekhlusag the Force of Nature, a journeyman MfGl of Fedhas (D:14)
  A stone giant (Orc:2)
  2 ironbound thunderhulks
  2 deep elf demonologists (Elf:3)
  6 entropy weavers
  An entropy weaver (shapeshifter) (Elf:1)
  4 deep elf annihilators (Elf:3)
  8 dire elephants
  4 deep elf death magi (Elf:3)
  The ghost of Hagrun the Tainter, a journeyman OpVM of Vehumet (Orc:1)
  A minotaur (Gauntlet)
  Snorg (Lair:6)
  4 ettins
  12 merfolk impalers
  A blizzard demon (D:14)
  2 merfolk javelineers
  A fire dragon (shapeshifter) (Elf:1)
  2 deep elf high priests (Elf:3)
  6 boulder beetles
  A vault guard (Vaults:1)
  4 yaktaur captains
  An ice dragon (IceCv)
  5 great orbs of eyes
  Erolcha (D:13)
  5 hydras
  4 ironbound frosthearts
  3 catoblepae
  2 radroaches (Spider:3)
  7 two-headed ogres
  The ghost of Fipt the Convoker, a journeyman TeSu of Gozag (Shoals:1)
  An ogre mage (D:14)
  4 merfolk aquamancers
  A tengu warrior (D:15)
  33 dancing weapons
  3 merfolk avatars
  5 centaur warriors
  16 death yaks
  2 vampire magi
  An orc high priest (Elf:1)
  Nergalle (Lair:4)
  16 deep elf knights
  Amaemon (Lair:2)
  6 pharaoh ants
  10 skeletal warriors (D:15)
  13 sea snakes
  5 steelbarb worms
  An orb spider (shapeshifter) (Elf:1)
  8 orb spiders
  5 deep trolls
  A phantasmal warrior (Vaults:2)
  11 deep elf archers
  5 ironbound convokers
  8 harpies
  2 wizards
  4 orc knights
  13 lindwurms
  22 deep elf pyromancers
  10 ugly things
  30 deep elf zephyrmancers
  10 cyclopes
  18 wolf spiders
  A frost giant zombie (D:15)
  A fire giant zombie (D:15)
  3 necromancers
  6 fauns
  A cyclops (shapeshifter) (Elf:1)
  11 manticores
  4 orc sorcerers
  8 moths of wrath
  Maurice (Orc:1)
  13 elephants
  10 merfolk sirens
  4 black mambas
  2 water nymphs
  An eye of devastation (Gauntlet)
  5 torpor snails
  10 cane toads
  2 ice statues (IceCv)
  An orange demon (Lair:2)
  A gargoyle (D:12)
  2 kobold demonologists
  6 vault sentinels
  7 yaktaurs
  12 komodo dragons
  7 rime drakes
  5 demonic crawlers
  A komodo dragon (shapeshifter) (Elf:1)
  A tengu conjurer (D:14)
  2 ice devils (D:14)
  A guardian mummy (D:15)
  3 meliai (Spider:1)
  5 trolls
  24 merfolk
  9 polar bears (Lair:6)
  A tarantella (shapeshifter) (Elf:1)
  6 wind drakes
  A queen bee (shapeshifter) (Elf:1)
  6 blink frogs (Lair:6)
  31 tarantellas
  16 slime creatures
  11 dream sheep
  2 raiju
  7 snapping turtles
  A vampire (D:11)
  3 centaur simulacra (D:14)
  24 culicivoras
  Sigmund (D:2)
  15 jumping spiders
  2 shadows (D:10)
  9 water elementals
  2 wyverns
  A dire elephant simulacrum (Lair:2)
  2 air elementals (Elf:1)
  2 wraiths (D:11)
  14 yaks
  3 hogs (D:15)
  3 fire elementals
  A basilisk (shapeshifter) (Elf:1)
  2 basilisks
  5 steam dragons
  69 redbacks
  5 vampire mosquitoes
  A redback simulacrum (D:14)
  A two-headed ogre zombie (D:10)
  6 wargs (Lair:6)
  2 acid dragons
  14 water moccasins
  14 hell hounds (Lair:6)
  2 floating eyes (Gauntlet)
  2 ice beasts
  A sky beast (shapeshifter) (Elf:1)
  A meliai simulacrum (D:14)
  22 orc warriors
  16 black bears
  15 centaurs
  10 ogres
  24 wolves
  2 phantoms
  13 kobold brigands
  3 gnoll sergeants
  4 scorpions
  9 bullfrogs
  4 earth elementals (Elf:1)
  5 wights (D:8)
  A hornet simulacrum (D:14)
  3 lindwurm simulacra (IceCv)
  2 troll zombies (D:10)
  3 killer bees (D:8)
  6 howler monkeys
  An electric eel (Spider:2)
  A jelly (D:7)
  9 komodo dragon simulacra (IceCv)
  2 water moccasin simulacra (Lair:2)
  15 orc priests
  8 hounds
  4 iguanas
  A gnoll bouda (Orc:1)
  24 orc wizards
  5 hell rats (Lair:5)
  A lightning spire (Gauntlet)
  2 bullfrog simulacra (Lair:2)
  5 ogre zombies (D:10)
  17 gnolls
  4 acid dragon simulacra (IceCv)
  10 adders
  A river rat (D:6)
  11 white imps (Lair:6)
  5 steam dragon simulacra (IceCv)
  5 worms
  2 dart slugs
  99 orcs
  3 endoplasms
  14 giant cockroaches
  5 goblins
  8 hobgoblins
  19 kobolds
  5 quokkas
  13 ball pythons
  5 bats
  10 frilled lizards
  2 goblin zombies (D:10)
  A hobgoblin skeleton (D:10)
  2 hobgoblin zombies (D:10)
  3 orc skeletons (D:10)
  16 orc zombies (D:10)
  14 rats
  A bush (D:14)
  A tentacle (Shoals:3)
1357 creatures vanquished.

Vanquished Creatures (collateral kills)
  Mara (Spider:4)
  Saint Roka (Elf:2)
  Jorgrun (Elf:2)
  Asterion (Elf:2)
  A deep elf blademaster (Elf:3)
  A kraken (Shoals:3)
  An ancient champion (Vaults:2)
  2 fire giants (Vaults:3)
  A frost giant (Shoals:4)
  2 emperor scorpions (Spider:4)
  4 vault wardens
  A deep elf sorcerer (Elf:3)
  2 very ugly things (Vaults:1)
  8 dire elephants
  A spark wasp (Spider:4)
  3 merfolk impalers (Shoals:4)
  2 yaktaur captains (Vaults:1)
  A vault guard (Vaults:1)
  A merfolk avatar (Shoals:3)
  3 centaur warriors (Vaults:2)
  A boulder beetle (Spider:4)
  3 ironbound frosthearts (Vaults:1)
  A radroach (Spider:4)
  4 dancing weapons (Elf:2)
  A death knight (Vaults:2)
  2 alligator snapping turtles (Shoals:4)
  2 deep elf knights
  2 orc high priests (Elf:1)
  5 deep trolls
  2 sea snakes (Shoals:4)
  A steelbarb worm (Spider:4)
  2 orb spiders (Spider:4)
  4 ironbound convokers
  3 lindwurms
  3 deep elf zephyrmancers
  A harpy (Shoals:3)
  2 deep elf pyromancers (Elf:1)
  8 wolf spiders (Spider:4)
  5 slime creatures
  An orc sorcerer (Elf:1)
  A manticore (Shoals:3)
  3 ugly things
  A merfolk siren (Shoals:4)
  A vault sentinel (Vaults:1)
  2 torpor snails (Spider:4)
  7 yaktaurs
  A demonic crawler (Spider:4)
  A merfolk (Shoals:4)
  A meliai (Spider:4)
  5 tarantellas (Spider:4)
  4 snapping turtles
  2 jumping spiders (Spider:4)
  A jumping spider (shapeshifter) (Elf:2)
  4 culicivoras (Spider:4)
  3 water elementals
  8 redbacks (Spider:4)
  A redback (shapeshifter) (Vaults:1)
  A water moccasin (Lair:6)
  An orc warrior (Elf:2)
  An earth elemental (Elf:1)
  A white imp (Lair:6)
  9 ball lightnings
  A tentacle (Shoals:3)
151 creatures vanquished.

Vanquished Creatures (others)
  163 ball lightnings
  23 demonic plants (Gauntlet)
  42 fungi
  152 plants
  10 tentacles (Shoals:3)
  18 withered plants
408 creatures vanquished.

Grand Total: 1916 creatures vanquished

Notes
Turn   | Place    | Note
-------+----------+-------------------------------------------
     0 | D:1      | Ge0ff the Felid Air Elementalist began the quest for the
                  | Orb.
     0 | D:1      | Reached XP level 1. HP: 7/7 MP: 4/4
    19 | D:1      | Reached skill level 1 in Conjurations
   344 | D:1      | Reached XP level 2. HP: 11/11 MP: 3/6
   385 | D:1      | Learned a level 2 spell: Static Discharge
  1053 | D:2      | Reached XP level 3. HP: 12/14 MP: 2/7
  1751 | D:2      | Noticed Sigmund
  1827 | D:2      | Reached skill level 3 in Air Magic
  2075 | D:2      | Reached XP level 4. HP: 18/18 MP: 3/8
  2263 | D:2      | Found a stormy altar of Qazlal.
  2622 | D:3      | Found a faded altar of an unknown god.
  2653 | D:3      | Found a shadowy altar of Dithmenos.
  2656 | D:3      | Found an opulent altar of Gozag.
  2656 | D:3      | Found a sacrificial altar of Ru.
  2669 | D:3      | Found an iron altar of Okawaru.
  2672 | D:3      | Found a bloodstained altar of Trog.
  2935 | D:3      | Found an ancient bone altar of Kikubaaqudgha.
  2977 | D:3      | Found a shimmering blue altar of Sif Muna.
  2982 | D:3      | Reached XP level 5. HP: 21/21 MP: 4/10
  3030 | D:3      | Found a radiant altar of Vehumet.
  3037 | D:3      | Became a worshipper of Vehumet
  3043 | D:3      | Learned a level 4 spell: Airstrike
  3206 | D:3      | You fall into a shaft and drop 1 floor!
  3891 | D:4      | Noticed an ogre
  3896 | D:4      | Killed an ogre
  3897 | D:4      | Reached skill level 4 in Air Magic
  3897 | D:4      | Gained mutation: You are covered in thick fur. (AC +2)
                  | [Felid growth]
  3897 | D:4      | Reached XP level 6. HP: 24/24 MP: 2/11
  4102 | D:4      | Found Ugoul's Distillery.
  4109 | D:4      | Bought a potion of curing for 42 gold pieces
  4156 | D:4      | Found Sug Zoci's General Store.
  4181 | D:4      | Bought a scroll of summoning for 95 gold pieces
  4297 | D:4      | Found Xiuha's Assorted Antiques.
  4351 | D:4      | Found Rimury's Distillery.
  4666 | D:4      | Found Riof's Weapon Emporium.
  4668 | D:4      | Identified the +4 rapier of Moral Flaws {protect, Drain
                  | rCorr Int+5 Dex+3}
  4777 | D:5      | Entered Level 5 of the Dungeon
  4883 | D:5      | Noticed a yak
  5326 | D:5      | Reached skill level 5 in Air Magic
  5418 | D:5      | Reached XP level 7. HP: 9/27 MP: 7/12
  5678 | D:5      | Identified the +5 mace "Boduhe" {vorpal, Int+4}
  5706 | D:5      | Noticed a yak
  5706 | D:5      | Noticed a yak
  5729 | D:5      | Killed a yak
  5730 | D:5      | Reached skill level 6 in Air Magic
  5959 | D:5      | Killed a yak
  6032 | D:5      | Killed a yak
  6033 | D:5      | Reached skill level 7 in Air Magic
  6225 | D:5      | Reached XP level 8. HP: 31/31 MP: 4/13
  6393 | D:5      | Identified the +7 hand axe "Asaamud" {venom, rC+ MP+9
                  | Dex+5}
  6843 | D:2      | Killed Sigmund
  6844 | D:2      | Reached skill level 8 in Air Magic
  6983 | D:6      | Reached * piety under Vehumet
  6983 | D:6      | Offered knowledge of Foxfire by Vehumet.
  7096 | D:6      | Found a glowing drain.
  7136 | Sewer    | Entered a sewer
  7969 | D:6      | Reached skill level 9 in Air Magic
  8304 | D:6      | Offered knowledge of Freeze by Vehumet.
  8544 | D:6      | Reached ** piety under Vehumet
  8564 | D:6      | Reached skill level 10 in Air Magic
  8790 | D:6      | Found a staircase to the Ecumenical Temple.
  8797 | D:6      | Reached XP level 9. HP: 34/34 MP: 8/14
  8861 | D:6      | Reached skill level 1 in Fighting
 10592 | D:8      | Offered knowledge of Mephitic Cloud by Vehumet.
 10644 | D:8      | Learned a level 3 spell: Mephitic Cloud
 10647 | D:8      | Learned a level 2 spell: Poisonous Vapours
 10936 | D:8      | Found Ugaut's Antique Weapon Boutique.
 10962 | D:8      | Reached skill level 1 in Poison Magic
 11604 | D:8      | Reached *** piety under Vehumet
 11607 | D:8      | Reached skill level 5 in Spellcasting
 11988 | D:9      | Offered knowledge of Frozen Ramparts by Vehumet.
 12143 | D:9      | Reached skill level 11 in Air Magic
 12468 | D:9      | Reached XP level 10. HP: 42/42 MP: 15/18
 12644 | D:9      | Reached skill level 1 in Unarmed Combat
 13456 | D:9      | Found a glowing golden altar of the Shining One.
 13684 | D:10     | Entered Level 10 of the Dungeon
 13700 | D:10     | Noticed a two-headed ogre
 13710 | D:10     | Killed a two-headed ogre
 13997 | D:10     | Found Cemeo's Jewellery Boutique.
 14007 | D:10     | Reached **** piety under Vehumet
 14114 | D:10     | Offered knowledge of Dazzling Flash by Vehumet.
 14575 | D:10     | Noticed a two-headed ogre
 14580 | D:10     | Killed a two-headed ogre
 14581 | D:10     | Reached skill level 5 in Conjurations
 14581 | D:10     | Reached skill level 12 in Air Magic
 15110 | D:10     | Found a staircase to the Orcish Mines.
 15621 | D:10     | Found a staircase to the Lair.
 16735 | D:11     | Reached XP level 11. HP: 46/46 MP: 11/20
 17331 | D:11     | Noticed a two-headed ogre
 17731 | D:11     | Identified the +4 great sword of Emejirghe {vorpal, Dex+7}
 17859 | D:11     | Noticed a four-headed hydra
 18092 | D:11     | Reached skill level 13 in Air Magic
 18387 | D:11     | Killed a four-headed hydra
 18593 | D:11     | Killed a two-headed ogre
 18882 | D:12     | Noticed a green ugly thing
 18886 | D:12     | Killed a green ugly thing
 18887 | D:12     | Reached skill level 1 in Evocations
 18997 | D:12     | Learned a level 2 spell: Blink
 19026 | D:12     | Noticed a boulder beetle
 19044 | D:12     | Killed a boulder beetle
 19045 | D:12     | Reached skill level 1 in Translocations
 19439 | D:12     | Reached ***** piety under Vehumet
 19572 | D:12     | Offered knowledge of Conjure Ball Lightning by Vehumet.
 19581 | D:12     | Learned a level 6 spell: Conjure Ball Lightning
 19736 | D:12     | Noticed a boulder beetle
 19750 | D:12     | Killed a boulder beetle
 19751 | D:12     | Reached skill level 14 in Air Magic
 20675 | Lair:1   | Entered Level 1 of the Lair of Beasts
 21292 | Lair:1   | Gained mutation: Your thick and shaggy fur keeps you warm.
                  | (AC +3, rC+) [Felid growth]
 21292 | Lair:1   | Reached XP level 12. HP: 40/49 MP: 16/23
 21416 | Lair:1   | Learned a level 1 spell: Apportation
 21920 | Lair:2   | Noticed Amaemon
 21939 | Lair:2   | Killed Amaemon
 22063 | Lair:2   | Found a transporter.
 22113 | Lair:2   | Noticed a six-headed hydra
 22128 | Lair:2   | Killed a six-headed hydra
 22162 | Lair:2   | Found a gate leading to a gauntlet.
 22178 | Lair:2   | You fall into a shaft and drop 2 floors!
 22195 | Lair:4   | Reached skill level 15 in Air Magic
 22214 | Lair:4   | Found a hazy altar of Hepliaklqana.
 22274 | Lair:3   | Found a staircase to the Shoals.
 22305 | Lair:2   | Slain by a wolf
 22306 | Lair:2   | Reached XP level 11. HP: 0/46 MP: 8/22
 22360 | Gauntlet | Entered a Gauntlet
 22360 | Gauntlet | Found a transporter.
 22360 | Gauntlet | Found a transporter.
 22447 | Gauntlet | Found a transporter.
 22447 | Gauntlet | Found a transporter.
 22449 | Gauntlet | Noticed a soul eater
 22452 | Gauntlet | Noticed a fire crab
 22475 | Gauntlet | Found a transporter.
 22485 | Gauntlet | Found a transporter.
 22485 | Gauntlet | Found a transporter.
 22489 | Gauntlet | Found a transporter.
 22492 | Gauntlet | Noticed a wolf spider
 22493 | Gauntlet | Noticed an entropy weaver
 22495 | Gauntlet | Found a transporter.
 22501 | Gauntlet | Found a transporter.
 22561 | Gauntlet | Found a transporter.
 22576 | Gauntlet | Found a transporter.
 22583 | Gauntlet | Noticed a large abomination
 22590 | Gauntlet | Found a transporter.
 22681 | Gauntlet | Found a transporter.
 22690 | Gauntlet | Found a transporter.
 22694 | Gauntlet | Noticed a necromancer
 22704 | Gauntlet | Found a transporter.
 22800 | Gauntlet | Paralysed by a floating eye for 2 turns
 22810 | Gauntlet | HP: 2/46 [disintegration (37)]
 22996 | Gauntlet | Killed a necromancer
 23327 | Gauntlet | Noticed a minotaur
 23370 | Gauntlet | Killed a minotaur
 23691 | Lair:2   | Reached skill level 5 in Fighting
 23857 | Lair:2   | Reached skill level 5 in Stealth
 24271 | Lair:2   | Found a transporter.
 24793 | Lair:3   | Reached XP level 12. HP: 41/51 MP: 14/25
 25231 | Lair:3   | Found a hole to the Spider Nest.
 26117 | Lair:4   | Noticed a five-headed hydra
 26159 | Lair:4   | Noticed Nergalle
 26566 | Lair:4   | Killed a five-headed hydra
 26701 | Lair:4   | Reached skill level 10 in Spellcasting
 27277 | Lair:4   | Killed Nergalle
 27542 | Lair:4   | Reached skill level 5 in Dodging
 28139 | Lair:5   | Noticed a death yak
 28178 | Lair:5   | Noticed a death yak
 28186 | Lair:5   | Killed a death yak
 28218 | Lair:5   | Killed a death yak
 28351 | Lair:5   | Found a staircase to the Slime Pits.
 28382 | Lair:5   | Noticed a death yak
 28382 | Lair:5   | Noticed a death yak
 28382 | Lair:5   | Noticed a death yak
 28387 | Lair:5   | Noticed a death yak
 28393 | Lair:5   | Killed a death yak
 28402 | Lair:5   | Killed a death yak
 28402 | Lair:5   | Killed a death yak
 28403 | Lair:5   | Reached XP level 13. HP: 54/54 MP: 11/28
 29494 | Lair:6   | Entered Level 6 of the Lair of Beasts
 29578 | Lair:6   | Killed by an exploding ball lightning
 29579 | Lair:6   | Reached XP level 12. HP: -12/51 MP: 11/27
 29617 | Lair:6   | Identified the +3 ring mail "Uhutes" {*Corrode Int+4
                  | Slay+2}
 29652 | Lair:6   | Noticed a death yak
 29653 | Lair:6   | Noticed a death yak
 29657 | Lair:6   | Noticed a death yak
 29658 | Lair:6   | Noticed a death yak
 29660 | Lair:6   | Killed a death yak
 29664 | Lair:6   | Killed a death yak
 29666 | Lair:6   | Noticed a death yak
 29670 | Lair:6   | Killed a death yak
 29687 | Lair:6   | Killed a death yak
 29688 | Lair:6   | Killed a death yak
 29700 | Lair:6   | Noticed Snorg
 29706 | Lair:6   | Killed Snorg
 29722 | Lair:6   | Learned a level 5 spell: Irradiate
 29764 | Lair:6   | Found a frozen archway.
 29790 | IceCv    | Entered an ice cave
 29936 | IceCv    | Reached skill level 1 in Transmutations
 31202 | IceCv    | Noticed an ice dragon
 31594 | IceCv    | Found the amulet of Vitality {RegenMP++ Regen++}
 31654 | IceCv    | Killed an ice dragon
 31829 | IceCv    | Identified the ring of Zaej {*Corrode rF+++ Will- MP+9
                  | Int+5}
 32011 | Lair:6   | Offered knowledge of Eringya's Noxious Bog by Vehumet.
 32068 | Lair:6   | Identified the +0 pair of boots "Yguifeaz" {rCorr Dex-3
                  | Stlth+}
 32343 | Lair:6   | Reached XP level 13. HP: 56/56 MP: 26/28
 32388 | Lair:6   | Reached skill level 5 in Transmutations
 32761 | Lair:6   | Reached XP level 14. HP: 60/60 MP: 29/29
 32762 | Lair:6   | Reached XP level 15. HP: 63/63 MP: 30/30
 32798 | Lair:6   | Reached ****** piety under Vehumet
 33762 | Lair:6   | Got the Guide on Displacement and Venin
 34130 | Lair:2   | Learned a level 4 spell: Olgreb's Toxic Radiance
 34203 | Orc:1    | Entered Level 1 of the Orcish Mines
 34325 | Orc:1    | Found a runed translucent gate.
 34326 | Orc:1    | Found a runed translucent gate.
 34328 | Orc:1    | Found a runed translucent gate.
 34340 | Orc:1    | Reached skill level 10 in Transmutations
 34403 | Orc:1    | Noticed Hagrun's ghost (journeyman OpVM)
 34424 | Orc:1    | Noticed Maurice
 34435 | Orc:1    | Killed Maurice
 34602 | Orc:1    | Found a bloodstained altar of Trog.
 34627 | Orc:1    | Offered knowledge of Freezing Cloud by Vehumet.
 34883 | Orc:1    | Killed Hagrun's ghost
 34936 | Orc:2    | Entered Level 2 of the Orcish Mines
 34946 | Orc:2    | Found Xushyxt's Antique Weapon Shoppe.
 34955 | Orc:2    | Reached skill level 5 in Evocations
 35055 | Orc:2    | Found a staircase to the Elven Halls.
 35087 | Orc:2    | Found Zesacsinou's Antique Armour Shop.
 35108 | Orc:2    | Found Voomm's Book Boutique.
 35393 | Orc:2    | Found Soviu's General Store.
 35665 | Orc:2    | Learned a level 5 spell: Freezing Cloud
 36050 | D:13     | Noticed Erolcha
 36054 | D:13     | Killed Erolcha
 36055 | D:13     | Reached skill level 1 in Ice Magic
 36468 | D:13     | Found a portal to a secret trove of treasure.
 36587 | D:14     | Found a runed translucent gate.
 36587 | D:14     | Found a runed translucent gate.
 36587 | D:14     | Found a runed translucent gate.
 36687 | D:14     | Noticed Ekhlusag's ghost (journeyman MfGl)
 36723 | D:14     | Reached XP level 16. HP: 61/69 MP: 21/31
 36980 | D:14     | Offered knowledge of Ozocubu's Refrigeration by Vehumet.
 37060 | D:14     | Learned a level 4 spell: Iskenderun's Mystic Blast
 37200 | D:14     | Found a gate to the Vaults.
 37450 | D:15     | Entered Level 15 of the Dungeon
 37694 | D:15     | Identified the ring of the Ladybird {rC+ rCorr Stlth+}
 37824 | D:15     | Got the Omnibus of Damaging Profane Magic
 37938 | D:15     | Found a staircase to the Depths.
 38080 | D:15     | Reached skill level 5 in Translocations
 38196 | D:15     | Identified the +2 robe of Bright Intercession {rElec rPois
                  | Int-4 Dex+4}
 38270 | D:15     | Noticed Kirke
 38585 | D:15     | Found a staircase to the Depths.
 38849 | D:15     | Killed Kirke
 39316 | D:14     | Killed Ekhlusag's ghost
 39423 | D:14     | Offered knowledge of Iskenderun's Battlesphere by Vehumet.
 39425 | D:14     | Got the ring "Hacuse" {Fire *Corrode Int+2 Stlth+}
 39436 | D:14     | Got the Meditations on Numb Toxicity
 39695 | D:4      | Bought a potion of invisibility for 80 gold pieces
 39695 | D:4      | Bought 2 potions of brilliance for 80 gold pieces
 39695 | D:4      | Bought a potion of heal wounds for 50 gold pieces
 39695 | D:4      | Bought a potion of attraction for 30 gold pieces
 39695 | D:4      | Bought a potion of brilliance for 40 gold pieces
 39695 | D:4      | Bought a potion of flight for 30 gold pieces
 39695 | D:4      | Bought a potion of might for 40 gold pieces
 39740 | D:4      | Bought a potion of flight for 42 gold pieces
 39740 | D:4      | Bought a potion of mutation for 112 gold pieces
 39740 | D:4      | Bought a potion of resistance for 140 gold pieces
 39740 | D:4      | Bought a potion of mutation for 112 gold pieces
 39740 | D:4      | Bought a potion of magic for 112 gold pieces
 39740 | D:4      | Bought a potion of haste for 140 gold pieces
 39740 | D:4      | Bought a potion of ambrosia for 112 gold pieces
 39938 | Spider:1 | Entered Level 1 of the Spider Nest
 40271 | Spider:1 | Found a runed translucent door.
 40658 | Spider:1 | Reached skill level 5 in Poison Magic
 40688 | Spider:1 | Identified the +3 scale mail of Hudgh {rC+}
 40845 | Spider:1 | Reached skill level 16 in Air Magic
 40846 | Spider:1 | Offered knowledge of Orb of Destruction by Vehumet.
 40957 | Spider:1 | Reached XP level 17. HP: 73/73 MP: 22/33
 41696 | Spider:2 | Reached skill level 10 in Dodging
 42388 | Spider:2 | Offered knowledge of Spellforged Servitor by Vehumet.
 42749 | Spider:3 | Noticed Arachne
 42770 | Spider:3 | Killed Arachne
 43208 | Spider:3 | Reached skill level 5 in Ice Magic
 43838 | Spider:4 | Entered Level 4 of the Spider Nest
 43857 | Spider:4 | Noticed Mara
 44044 | Shoals:1 | Entered Level 1 of the Shoals
 44122 | Shoals:1 | Found Beoxkosa's CLEARANCE SALE!.
 44163 | Shoals:1 | Bought a potion of haste for 40 gold pieces
 44163 | Shoals:1 | Bought a potion of flight for 12 gold pieces
 44173 | Shoals:1 | Reached skill level 10 in Translocations
 44184 | Shoals:1 | Found a runed translucent door.
 44184 | Shoals:1 | Noticed Fipt's ghost (journeyman TeSu)
 44228 | Shoals:1 | Identified the +3 ring mail of Courage {Dex+2}
 44615 | Shoals:1 | Reached skill level 10 in Fighting
 44898 | Shoals:1 | Killed Fipt's ghost
 44939 | Shoals:1 | Learned a level 7 spell: Spellforged Servitor
 44966 | Shoals:2 | Reached skill level 1 in Earth Magic
 45095 | Shoals:2 | Noticed Ilsuiw
 45109 | Shoals:2 | Killed Ilsuiw
 45113 | Shoals:2 | Reached skill level 1 in Summonings
 45144 | Shoals:2 | Noticed Polyphemus
 45173 | Shoals:2 | Killed Polyphemus
 45600 | Shoals:2 | Reached XP level 18. HP: 66/80 MP: 16/35
 45609 | Shoals:2 | Learned a level 6 spell: Iron Shot
 45789 | Shoals:3 | Identified the +0 cloak of a Billion Ears {Will+ Str+2
                  | Stlth+}
 45917 | Shoals:3 | Demolished by a tentacle
 45918 | Shoals:3 | Reached XP level 17. HP: -15/76 MP: 24/34
 45941 | Shoals:3 | Killed a kraken
 46189 | Shoals:3 | Reached skill level 5 in Summonings
 46302 | Shoals:3 | Offered knowledge of Polar Vortex by Vehumet.
 46302 | Shoals:3 | Offered knowledge of Ignition by Vehumet.
 46302 | Shoals:3 | Offered knowledge of Maxwell's Capacitive Coupling by
                  | Vehumet.
 46528 | Shoals:4 | Entered Level 4 of the Shoals
 46689 | Shoals:4 | Found a runed translucent door.
 47118 | Shoals:4 | HP: 2/76 [merfolk impaler/+5 trident of freezing (16)]
 47118 | Shoals:4 | Slain by a merfolk impaler
 47119 | Shoals:4 | Reached XP level 16. HP: 0/73 MP: 33/33
 47430 | Shoals:4 | Got a barnacled rune of Zot
 47501 | Shoals:4 | Identified the +0 robe "Cotzo" {-Tele rC+++ Str+3}
 47572 | Shoals:4 | HP: 3/73 [alligator snapping turtle (47)]
 47628 | Shoals:4 | Reached XP level 17. HP: 76/76 MP: 34/34
 48523 | Spider:4 | Killed Mara
 49150 | Spider:4 | Reached XP level 18. HP: 80/80 MP: 19/35
 49476 | Spider:4 | Got a gossamer rune of Zot
 49576 | Spider:4 | Noticed Mlioglotl
 49615 | Spider:4 | Killed Mlioglotl
 49949 | Elf:1    | Entered Level 1 of the Elven Halls
 50160 | Elf:1    | Identified the +1 robe of Restlessness {Str+3}
 50168 | Elf:1    | Noticed Roxanne
 50275 | Elf:1    | Killed Roxanne
 50399 | Elf:1    | Reached skill level 5 in Earth Magic
 50618 | Elf:1    | Reached skill level 10 in Summonings
 50845 | Elf:1    | Found a transporter.
 50848 | Elf:1    | Noticed LetschGu's ghost (adept SpMo)
 50886 | Elf:1    | Found a transporter.
 51169 | Elf:2    | Noticed Aizul
 51179 | Elf:2    | Killed Aizul
 51283 | Elf:2    | Noticed Jorgrun
 51321 | Elf:2    | Killed Jorgrun
 51611 | Elf:2    | Noticed Asterion
 51626 | Elf:2    | Killed Asterion
 51764 | Elf:2    | Noticed Saint Roka
 51778 | Elf:2    | Killed Saint Roka
 51879 | Elf:2    | Found a runed translucent gate.
 51879 | Elf:2    | Found a runed translucent gate.
 51879 | Elf:2    | Found a runed translucent gate.
 52729 | Elf:2    | Reached XP level 19. HP: 84/84 MP: 7/37
 53107 | Elf:3    | Entered Level 3 of the Elven Halls
 53289 | Elf:3    | Noticed Nikola
 53370 | Elf:3    | Learned a level 2 spell: Passwall
 54117 | Elf:3    | Identified the +1 dire flail of Butchery {distort, Stlth+}
 54117 | Elf:3    | Identified the ring "Zahyp" {rPois rF+ rCorr Dex-3 SInv}
 54497 | Elf:3    | Found Witeg's Overcharged Wands.
 54575 | Elf:3    | Identified the ring of Jahuso Enway {rF+ rN++ Will- Str+6
                  | Int+10}
 55062 | Elf:3    | Identified the +4 short sword of Accidental Termination
                  | {vorpal, Stlth+}
 55198 | Elf:3    | Got the Incunable of Evil Leadership
 55209 | Elf:3    | Identified the +1 chain mail of the Breathing Gods {rElec}
 55311 | Elf:3    | Identified the +7 long sword of the Demonic God {vamp,
                  | rElec Str+2 Int+4 Dex+4}
 55311 | Elf:3    | Identified the +4 leather armour of Limited Liability {rN+
                  | Regen+ Int+4}
 55418 | Elf:1    | Killed LetschGu's ghost
 55424 | Elf:1    | Identified the ring "Mecausk" {rN+ Dex+6 Slay+2}
 55612 | D:10     | Bought a ring of willpower for 375 gold pieces
 55760 | Vaults:1 | Entered Level 1 of the Vaults
 55766 | Vaults:1 | Found Qef Niyleski's Distillery.
 55774 | Vaults:1 | Bought 2 potions of heal wounds for 200 gold pieces
 55774 | Vaults:1 | Bought a potion of heal wounds for 100 gold pieces
 55774 | Vaults:1 | Bought a potion of heal wounds for 100 gold pieces
 55774 | Vaults:1 | Bought a potion of flight for 60 gold pieces
 55987 | Vaults:1 | Shot with a bolt by a vault warden
 55988 | Vaults:1 | Reached XP level 18. HP: -6/81 MP: 20/37
 56382 | Vaults:1 | Reached XP level 19. HP: 86/86 MP: 29/38
 56961 | Vaults:1 | Found Elleyt's Armour Emporium.
 57113 | Vaults:1 | Identified the +4 hand axe of the Fulmar {drain, rF+ Will++
                  | Str+2}
 57297 | Vaults:2 | Reached skill level 15 in Transmutations
 57783 | Vaults:2 | Reached skill level 15 in Dodging
 58022 | Vaults:2 | Identified a scroll of acquirement
 58026 | Vaults:2 | Acquired 994 gold pieces
 58338 | D:4      | Bought a scroll of teleportation for 78 gold pieces
 58338 | D:4      | Bought a scroll of summoning for 247 gold pieces
 58338 | D:4      | Bought a potion of mutation for 208 gold pieces
 58338 | D:4      | Bought a potion of mutation for 208 gold pieces
 58574 | Vaults:1 | Bought a potion of curing for 60 gold pieces
 58574 | Vaults:1 | Bought a potion of curing for 60 gold pieces
 58574 | Vaults:1 | Bought a potion of curing for 60 gold pieces
 58574 | Vaults:1 | Bought a potion of might for 80 gold pieces
 58922 | Vaults:2 | Found a staircase to the Crypt.
 59433 | Vaults:3 | Reached skill level 15 in Spellcasting
 59713 | Vaults:3 | Noticed Dasi's ghost (adept SpEn)
 59714 | Vaults:3 | Found a transporter.
 59723 | Vaults:3 | Identified the +6 great mace of Kelip {flame, *Slow +Blink
                  | rElec Will+}
 59907 | Vaults:3 | Noticed Boris
 59916 | Vaults:3 | Blown up by Boris

Illustrated notes

Levels and vault maps discovered:
D:1:      zaba_arrival_water, layout_basic
D:2:      layout_loops_cross, basic_altar, minmay_box_of_dots, uniq_sigmund
D:3:      layout_rooms, palyth_temple_overflow_mages,
          minmay_overflow_temple_star_hex, ebering_ecumenical_altar_abandoned
D:4:      layout_basic, serial_shops, nicolae_shop_advertising_works
          [nicolae_subvault_shop_adworks], kennysheep_little_box,
          nicolae_shop_overgrown_old_shop, shop, nicolae_shop_statue_plus
D:5:      layout_gridville
D:6:      layout_basic, temple_doors_e, portal_sewer_entry_e,
          dreamdust_gnoll_farm
D:7:      layout_rooms
D:8:      layout_cave_pools, serial_shops, shop, kennysheep_crisscross,
          lightli_minifort
D:9:      layout_roguey, mainiacjoe_overflow_24_doors, special_room
          [special_room_orc]
D:10:     layout_basic, david_lair_shrubbed, zombieorc2_lemuel, serial_shops,
          shop_fountains, bh_walls_and_bars
D:11:     layout_basic
D:12:     layout_irregular_city
D:13:     layout_irregular_city, enter_trove_6, uniq_erolcha
D:14:     layout_basic, hangedman_vaults_entry_quadrant_bands,
          gammafunk_ghost_icy, serial_park_square3 [serial_park_minivault_5x5_8]
D:15:     gammafunk_depths_entry_grave, layout_loops_ring, minivault_26,
          minmay_misc_feat_room, uniq_kirke
Lair:1:   layout_misc_corridors, grunt_megastairs_1
Lair:2:   gammafunk_cloud_chamber, layout_cave_pods, gauntlet_entry_generic,
          wad_woods_road_01, beast_lair_carwin_8, uniq_amaemon
Lair:3:   layout_long_grid, elwin_shoals_entry_rocks,
          spider_nest_entry_funnel_web
Lair:4:   layout_roguey, basic_altar, nicolae_lair_lindhole, uniq_nergalle
Lair:5:   layout_cellular_growth, slime_entry_1, chequers_serial_rivers_micro_b,
          infiniplex_staircase_pool_2
Lair:6:   hangedman_lair_in_review, layout_small_grid,
          hangedman_lair_caniforms_friends, portal_ice_cave_entry_imps,
          lemuel_fruit_tree, uniq_snorg
Shoals:1: layout_shoals, gammafunk_ghost_grave, nicolae_shop_clearance
Shoals:2: layout_shoals, uniq_polyphemus, uniq_ilsuiw
Shoals:3: layout_shoals, nicolae_shoals_kraken_intersection
Shoals:4: shoals_end_grunt_ice, layout_shoals, lightli_airlock
Spider:1: cheibrodos_spider_deadly_dance, nicolae_spider_orb_run
Spider:2: layout_spider_delve
Spider:3: layout_spider_delve, uniq_arachne
Spider:4: grunt_spider_rune_parallel, drop_trap, uniq_mara, uniq_mlioglotl
Orc:1:    layout_diamond_mine, gammafunk_ghost_split, basic_altar, special_room
          [special_room_kobold], trog_butcher_becter, uniq_maurice
Orc:2:    grunt_orc_gardens, layout_caves, grunt_orc_garden, grunt_orc_garden,
          grunt_orc_garden, grunt_orc_garden, mines2_david
Elf:1:    nicolae_elf_arrival_no_cutting_in_line, layout_loops_ring,
          gammafunk_ghost_berserking_beasts,
          hangedman_elven_crosses_minicolossus, uniq_roxanne
Elf:2:    elven_hall_of_blades_hangedman_original [grunt_blade_entry_basic],
          layout_onion_city, drop_trap, uniq_aizul, uniq_saint_roka,
          uniq_asterion, uniq_jorgrun
Elf:3:    minmay_elf_hall_dome, layout_onion_city,
          nicolae_shop_overcharged_wands, uniq_nikola
Vaults:1: nicolae_vaults_what_the_h, grunt_vaults_twisty, st_hourglassy,
          nicolae_vaults_ninety_degrees, hangedman_vaults_stretched_pinwheel,
          nicolae_vaults_network_quinsquares
          [nicolae_vaults_network_quincunx_subvault,
          nicolae_vaults_network_quincunx_subvault,
          nicolae_vaults_network_quincunx_subvault,
          nicolae_vaults_network_quincunx_subvault], v_misc_19, v_pattern_1,
          layout_vaults_omnibox, serial_shops, nicolae_shop_stone, shop
Vaults:2: nicolae_vaults_little_squares_5, minmay_crypt_entry_simple_sparse,
          v_misc_30, nicolae_vaults_big_angled_halls, nicolae_vaults_theta,
          v_pattern_4, v_alt_pattern_5, vaults_dpeg_cross,
          ontoclasm_vaults_ring_square, grunt_vaults_funnel,
          layout_vaults_omnicross
Vaults:3: gammafunk_ghost_smash, hangedman_vaults_locks, grunt_vaults_diagonal,
          nicolae_vaults_ring_of_whatevers, v_alt_pattern_3,
          hangedman_vaults_trim, nicolae_vaults_windows_and_doors_thing,
          st_spiral_rooms, layout_vaults_quadrants, uniq_boris

Skill      XL: |  1  2  3  4  5  6  7  8  9 10 11 12 13 14 15 16 17 18 19 |
---------------+----------------------------------------------------------+-----
Conjurations   | 1 2 3 4 5 7 9 11 12 14 | 14.7
Air Magic      | 3 4 5 7 10 11 12 14 15 16 | 16.0
Spellcasting   | 3 5 8 10 11 12 13 15 | 15.0
Fighting       | 3 4 5 6 7 8 10 11 13 | 13.2
Poison Magic   | 3 5 |  5.0
Stealth        | 3 5 |  5.0
Unarmed Combat | 3 4 |  4.0
Evocations     | 3 2 4 5 7 8 |  8.6
Translocations | 3 4 11 10 12 | 12.0
Dodging        | 6 7 8 9 10 12 15 | 15.0
Transmutations | 4 6 9 10 11 12 13 15 | 15.0
Ice Magic      | 1 3 5 |  5.0
Earth Magic    | 4 6 7 |  7.8
Summonings     | 9 7 10 | 10.0

Action                   |  1- 3 |  4- 6 |  7- 9 | 10-12 | 13-15 | 16-18 | 19-21 || total
-------------------------+-------+-------+-------+-------+-------+-------+-------++-------
Melee: Unarmed           |     5 |       |     3 |    58 |     1 |    34 |     4 ||   105
       Bite              |     2 |       |     1 |    14 |     1 |    12 |       ||    30
       Punch             |       |       |     1 |     3 |       |     4 |     1 ||     9
 Cast: Shock             |    78 |   125 |   113 |   150 |    27 |       |       ||   493
       Airstrike         |       |     3 |    83 |   396 |   193 |   529 |   172 ||  1376
       Static Discharge  |       |     3 |     6 |    21 |     5 |       |       ||    35
       Mephitic Cloud    |       |       |     3 |    20 |     2 |    16 |       ||    41
       Poisonous Vapours |       |       |       |    35 |    30 |    17 |       ||    82
       Conjure Ball Ligh |       |       |       |    19 |    41 |    13 |       ||    73
       Irradiate         |       |       |       |    29 |    47 |   110 |    29 ||   215
       Blink             |       |       |       |     2 |       |     8 |       ||    10
       Olgreb's Toxic Ra |       |       |       |       |    12 |     3 |       ||    15
       Freezing Cloud    |       |       |       |       |     6 |    99 |     1 ||   106
       Iskenderun's Myst |       |       |       |       |       |   349 |    22 ||   371
       Spellforged Servi |       |       |       |       |       |    47 |    27 ||    74
       Iron Shot         |       |       |       |       |       |   121 |   146 ||   267
       Apportation       |       |       |       |       |       |     1 |     1 ||     2
       Passwall          |       |       |       |       |       |       |    12 ||    12
Evoke: Wand              |       |       |       |    24 |     1 |     9 |     2 ||    36
       Condenser vane    |       |       |       |     2 |     1 |     7 |     2 ||    12
       Lightning rod     |       |       |       |       |     4 |     5 |       ||     9
  Use: Scroll            |       |     7 |     3 |    19 |     4 |    16 |     6 ||    55
       Potion            |       |     3 |       |     7 |     2 |    18 |     4 ||    34
 Stab: Confused          |       |       |     2 |     5 |       |       |       ||     7
       Sleeping          |       |       |       |     1 |       |       |     1 ||     2
       Paralysed         |       |       |       |       |       |     2 |     3 ||     5
Armor: Skin              |     3 |     1 |       |     4 |     2 |     9 |     5 ||    24
Dodge: Dodged            |    28 |    17 |    29 |    93 |    53 |   218 |    66 ||   504

Table legend: (Time is in decaauts)
 A = Elapsed time spent in this place.
 B = Non-inter-level travel time spent in this place.
 C = Inter-level travel time spent in this place.
 D = Time resting spent in this place.
 E = Time spent auto-exploring this place.
 F = Levels seen in this place.
 G = Mean time per level.
                   A        B        C        D        E       F      G
               +--------+--------+--------+--------+--------+-----+--------+
         Total |  53435 |  50145 |   3290 |   5837 |  34202 |  40 | 1335.9 |
       Dungeon |  22004 |  20339 |   1665 |   2130 |  15218 |  15 | 1466.9 |
          Lair |   9293 |   8839 |    454 |    429 |   6648 |   6 | 1548.8 |
        Shoals |   4142 |   3887 |    255 |    166 |   2864 |   4 | 1035.5 |
   Spider Nest |   4690 |   4266 |    424 |    298 |   2826 |   4 | 1172.5 |
  Orcish Mines |   1382 |   1287 |     95 |     54 |    880 |   2 |  691.0 |
   Elven Halls |   4878 |   4731 |    147 |    987 |   2110 |   3 | 1626.0 |
        Vaults |   3179 |   2931 |    248 |    214 |   2020 |   3 | 1059.7 |
         Sewer |    800 |    800 |      0 |     79 |    634 |   1 |  800.0 |
      Ice Cave |   2033 |   2033 |      0 |   1314 |    344 |   1 | 2033.0 |
      Gauntlet |   1030 |   1030 |      0 |    164 |    655 |   1 | 1030.0 |
               +--------+--------+--------+--------+--------+-----+--------+

Top non-repeatable levels by time:
     D:9: 2377 daAuts
    D:11: 2298 daAuts
    D:10: 2085 daAuts
  Lair:4: 2046 daAuts
   IceCv: 2033 daAuts
  Lair:6: 1989 daAuts
   Elf:3: 1928 daAuts
    D:12: 1865 daAuts
     D:4: 1850 daAuts
   Elf:2: 1751 daAuts
     D:6: 1739 daAuts
Shoals:4: 1698 daAuts
    D:15: 1502 daAuts
     D:5: 1498 daAuts
Spider:2: 1495 daAuts
